 Dungeon Crawl Stone Soup version 0.19.1 (webtiles) character file.

321 Ladykiller69 the Ducker (level 6, -1/28 HPs)
             Began as a Felid Warper on Dec 26, 2016.
             Slain by an orc wizard
             ... wielding a +0 dagger
              (5 damage)
             ... on level 4 of the Dungeon.
             The game lasted 00:11:54 (5467 turns).

Ladykiller69 the Ducker (Felid Warper)              Turns: 5467, Time: 00:11:55

Health: -1/28      AC:  2    Str:  7 (9)  XL:     6   Next: 22%
Magic:  10/10      EV: 20    Int: 12 (14) God:
Gold:   250        SH:  0    Dex: 14 (16) Spells: 2 memorised, 5 levels left
                                        Lives:  0   Deaths: 1

rFire  . . .     SeeInvis +       - Unarmed
rCold  . . .     Gourm    .     (armour unavailable)
rNeg   . . .     Faith    .     (shield unavailable)
rPois  .         Spirit   .     (helmet unavailable)
rElec  .         Reflect  .     (cloak unavailable)
rCorr  .         Harm     .     (gloves unavailable)
MR     .....     Clarity  +     (boots unavailable)
Stlth  +++.......               (no amulet)
                                (no ring)
                                (no ring)

@: quick
A: no armour, no weapons or thrown items, stealth, claws 1, fangs 3, horns 2,
see invisible, carnivore 3, clarity, speed 1, shaggy fur 2, slow metabolism 1,
sharp paws
a: no special abilities


You were on level 4 of the Dungeon.
You were completely stuffed.

You visited 1 branch of the dungeon, and saw 5 of its levels.
You also visited: Ossuary.

You collected 250 gold pieces.

Inventory:

Jewellery
 g - a cursed ring of protection from fire {unknown}
 s - an uncursed ring of ice {unknown}
Scrolls
 b - 2 scrolls of blinking
 e - 4 scrolls of remove curse {unknown}
 i - 4 scrolls of identify {unknown}
 j - a scroll of immolation {unknown}
 k - 2 scrolls of teleportation {unknown}
 m - a scroll of fog {unknown}
 p - a scroll of enchant weapon {unknown}
Books
 a - a book of Spatial Translocations

   Spells                             Type                      Level
   a - Blink                          Translocation                2
   b - Shroud of Golubria             Charms/Translocation         2
   c - Lesser Beckoning               Translocation                3
   d - Portal Projectile              Translocation                3
   e - Teleport Other                 Translocation                3
   f - Passage of Golubria            Translocation                4
 r - a book of Changes

   Spells                             Type                      Level
   a - Beastly Appendage              Transmutation                1
   b - Sticks to Snakes               Transmutation                2
   c - Spider Form                    Transmutation/Poison         3
   d - Ice Form                       Ice/Transmutation            4
   e - Blade Hands                    Transmutation                5
Comestibles
 c - 3 meat rations
 n - 2 beef jerkies
 v - 3 chunks of flesh


   Skills:
 + Level 3.4 Fighting
 + Level 4.9 Dodging
 + Level 4.4 Stealth
 * Level 4.4 Unarmed Combat
 - Level 2.0 Spellcasting
 - Level 4.4 Translocations


You had 5 spell levels left.
You knew the following spells:

 Your Spells              Type           Power        Failure   Level  Hunger
a - Blink                 Tloc           N/A          10%         2    ###....
b - Shroud of Golubria    Chrm/Tloc      #.........   17%         2    ###....


Dungeon Overview and Level Annotations

Branches:
Dungeon (5/15)
 Temple: D:4-7

Altars:
Elyvilon
Gozag
Kikubaaqudgha
Ru
Trog
Vehumet
Zin

Shops:
D:4 !

Annotations:
D:3 exclusion: phantom, Grinder


Innate Abilities, Weirdness & Mutations

You cannot wear armour.
You are incapable of wielding weapons or throwing items.
Your paws allow you to move quietly. (Stealth)
You have sharp claws.
You have razor-sharp teeth.
You have supernaturally acute eyesight. (SInv)
You are carnivorous and can eat meat at any time.
You cover ground quickly.
You are covered in thick fur. (AC +2)
You have a slow metabolism.
Your sharp claws are effective at attacking unaware monsters.
You have a pair of horns on your head.
You possess an exceptional clarity of mind.


Message History

An orc priest comes into view. It is wielding a mace.
The orc priest is too close now for your liking.
You closely miss the orc priest.
You bite the orc priest, but do no damage.
The orc priest hits you with a mace.
* * * LOW HITPOINT WARNING * * *
You claw the orc priest!
The orc priest is heavily wounded.
The orc priest completely misses you.
You barely miss the orc priest.
The orc priest is heavily wounded.
You scratch the orc priest.
The orc priest is severely wounded.
The orc priest casts a cantrip, but nothing happens.
You scratch the orc priest.
The orc priest is almost dead.
The orc priest hits you with a mace.
* * * LOW HITPOINT WARNING * * *
The orc wizard hits you with a dagger.
You die...

...#.......# #%.......# #..#
.....#.....#######....###.####.##
###...................#∩#......##
.####......#####....#.#'#######..
..# ##...........####.......#...<
#.####............# #)##.##......
.......#..........###.##.###..###
.................o.....#.###..###
.........#.....o@####........##..
..#####...#....)###..........##.#
..# #..........#...##.......).#
.## #..............##....##....
.# ##.........##.##........##. .#
#......†.###o#.......##### .#
#.#.....####.#..#.##.#####
########.#.....##...#..#.##......
#..........#...##.###....########


You could see an orc priest and an orc wizard.

Vanquished Creatures
  An ogre (D:4)
  A centaur zombie (Ossuary)
  2 hounds (D:4)
  3 worker ants (D:4)
  3 adders
  A howler monkey skeleton (D:4)
  2 worms (D:2)
  3 dart slugs
  4 leopard geckos
  2 orcs
  A ball python (D:3)
  6 giant cockroaches
  4 goblins
  7 hobgoblins
  7 jackals
  A quokka (D:3)
  6 bats
  2 frilled lizards
  9 kobolds
  A leopard gecko zombie (D:2)
  6 rats
  6 rat zombies (D:3)
78 creatures vanquished.

Notes
Turn   | Place    | Note
-------+----------+-------------------------------------------
     0 | D:1      | Ladykiller69 the Felid Warper began the quest for the Orb.
     0 | D:1      | Reached XP level 1. HP: 9/9 MP: 4/4
   340 | D:1      | Found an ancient bone altar of Kikubaaqudgha.
   517 | D:1      | Reached XP level 2. HP: 11/13 MP: 6/6
   680 | D:1      | Reached skill level 1 in Stealth
   894 | D:2      | Found a bloodstained altar of Trog.
   895 | D:2      | Found an opulent altar of Gozag.
  1342 | D:2      | Reached XP level 3. HP: 13/16 MP: 7/7
  1617 | D:2      | Gained mutation: You possess an exceptional clarity of mind. [potion of mutation]
  1617 | D:2      | Gained mutation: You have a pair of small horns on your head. [potion of mutation]
  1617 | D:2      | Gained mutation: You have a pair of horns on your head. [potion of mutation]
  2324 | D:2      | Reached XP level 4. HP: 20/20 MP: 8/8
  2812 | D:3      | Found a glowing silver altar of Zin.
  2814 | D:3      | Found a radiant altar of Vehumet.
  2815 | D:3      | Noticed Grinder
  3356 | D:3      | Noticed a phantom
  3630 | D:3      | Found an ancient bone altar of Kikubaaqudgha.
  4023 | D:3      | Slain by a hound
  4024 | D:3      | Reached XP level 3. HP: 0/16 MP: 7/7
  4126 | D:4      | Reached XP level 4. HP: 17/20 MP: 8/8
  4133 | D:4      | Found a sand-covered staircase.
  4138 | Ossuary  | Entered an ossuary
  4395 | D:4      | Reached XP level 5. HP: 18/24 MP: 9/9
  4473 | D:4      | Noticed an ogre
  4488 | D:4      | Found a white marble altar of Elyvilon.
  4488 | D:4      | Found a sacrificial altar of Ru.
  4488 | D:4      | Noticed an ogre
  4533 | D:4      | Learned a level 2 spell: Blink
  4536 | D:4      | Learned a level 2 spell: Shroud of Golubria
  4549 | D:4      | Found Nabliukas's Distillery.
  4549 | D:4      | Noticed an ogre
  5310 | D:4      | Killed an ogre
  5310 | D:4      | Gained mutation: You are covered in thick fur. (AC +2) [Felid growth]
  5310 | D:4      | Reached XP level 6. HP: 28/28 MP: 10/10
  5412 | D:5      | Entered Level 5 of the Dungeon
  5467 | D:4      | Slain by an orc wizard

Skill      XL: |  1  2  3  4  5 |
---------------+----------------+-----
Stealth        | 1 3 4 |  4.4
Unarmed Combat | 3 4 |  4.4
Dodging        | 4 |  4.9
Fighting       | 3 |  3.4
Spellcasting   | |  2.0
Translocations | |  4.4

Action                   |  1- 3 |  4- 6 || total
-------------------------+-------+-------++-------
Melee: Unarmed           |   178 |   108 ||   286
       Bite              |    16 |    10 ||    26
       Headbutt          |     5 |    17 ||    22
  Use: Potion            |     4 |     8 ||    12
 Stab: Sleeping          |     8 |     7 ||    15
       Distracted        |       |     1 ||     1
  Eat: Chunk             |    10 |    11 ||    21
Armor: Skin              |     8 |     3 ||    11
Dodge: Dodged            |   140 |    72 ||   212
